 Dungeon Crawl Stone Soup version 0.27.1 (webtiles) character file.

Game seed: 6204683502058721342

200 Kinoniko the Cutter (level 5, 0/41 HPs)
             Began as a Demonspawn Abyssal Knight on Aug 31, 2021.
             Was a Believer of Lugonu.
             Slain by a water moccasin (2 damage)
             ... on level 4 of the Dungeon.
             The game lasted 00:04:09 (2833 turns).

Kinoniko the Cutter (Demonspawn Abyssal Knight)     Turns: 2833, Time: 00:04:10

Health: 0/41       AC:  7    Str: 13    XL:     5   Next: 49%
Magic:  6/6        EV: 11    Int: 13    God:    Lugonu [**....]
Gold:   143        SH:  0    Dex: 15    Spells: 4/4 levels left

rFire    + + .     SeeInvis .   a - +2 short sword
rCold    . . .     Faith    .   (no shield)
rNeg     . . .     Spirit   .   e - +0 ring mail
rPois    .         Reflect  .   (no helmet)
rElec    .         Harm     .   (no cloak)
rCorr    .         Rampage  .   (no gloves)
Will     .....                  t - +1 pair of boots
Stlth    ++........             (no amulet)
HPRegen  0.13/turn              d - ring of protection from fire
MPRegen  0.10/turn              s - ring of protection from fire

@: no status effects
A: talons 1, thin skeletal structure 1
a: Renounce Religion, Depart the Abyss, Bend Space


You were on level 4 of the Dungeon.
You worshipped Lugonu.
Lugonu was pleased with you.
You visited 1 branch of the dungeon, and saw 4 of its levels.
You visited the Abyss 1 time.

You collected 143 gold pieces.

Inventory:

Hand Weapons
 a - a +2 short sword (weapon)
Armour
 e - a +0 ring mail (worn)
 t - a +1 pair of boots (worn)
 v - a +0 chain mail
Jewellery
 d - a ring of protection from fire (left hand)
 s - a ring of protection from fire (right hand)
Scrolls
 b - a scroll of blinking
 f - a scroll of brand weapon {unknown}
 r - a scroll of fear
Potions
 c - 2 potions of might {unknown}
 h - 2 potions of heal wounds
 i - 2 potions of lignification {unknown}
 j - a potion of curing {unknown}
 m - a potion of flight {unknown}
 q - a potion of brilliance {unknown}
 u - a potion of cancellation {unknown}


   Skills:
 - Level 3.0 Fighting
 * Level 4.8 Short Blades
 - Level 1.7 Armour
 - Level 2.1 Dodging
 - Level 2.4 Invocations


You had 4 spell levels left.
You didn't know any spells.
Your spell library was empty.

Dungeon Overview and Level Annotations

Branches:
Dungeon (4/15)
 Temple: D:4-7

Altars:


Innate Abilities, Weirdness & Mutations

You have sharp toenails.
You have a somewhat thin skeletal structure. (Dex +2, Stealth+)


Message History

You closely miss the water moccasin.
The water moccasin is lightly wounded.
You feel sick. The water moccasin misses you.
You hit the water moccasin but do no damage.
The water moccasin is lightly wounded.
You feel sick.
The water moccasin bites you but does no damage.
You hit the water moccasin.
The water moccasin is lightly wounded.
You feel sick. The water moccasin bites you.
The water moccasin bites you but does no damage.
You closely miss the water moccasin.
The water moccasin is lightly wounded.
You feel sick. The water moccasin bites you!
* * * LOW HITPOINT WARNING * * *
You closely miss the water moccasin.
The water moccasin is lightly wounded.
You feel sick. The water moccasin closely misses you.
Unknown command.
You hit the water moccasin but do no damage.
The water moccasin is lightly wounded.
You feel sick.
The water moccasin bites you but does no damage.
You barely miss the water moccasin.
The water moccasin is lightly wounded.
You feel sick. The water moccasin closely misses you.
You barely miss the water moccasin.
The water moccasin is lightly wounded.
The water moccasin bites you but does no damage.
The water moccasin barely misses you.
You closely miss the water moccasin.
The water moccasin is lightly wounded.
You hear the slow hiss of a distant avalanche of sand.
You feel sick. The water moccasin closely misses you.
You closely miss the water moccasin.
The water moccasin is lightly wounded.
You feel sick.
You are no longer poisoned.
The water moccasin bites you.
You die...

*,********,,*****,*,,,,,*
*,,,..,,,,,,,,,,,,,,,*,**
#####*#.#****,**,,,,,,,,,**
##..[###..###*,**,**********
##....(##....#*,**,*,,,,,,,,*
#.......#....##,**,*,,,,,,*,*
#.......#.....#,**,*,,*,,,,,,
#(.....(##..S.#,**+**<***,***
##.....###..@.#,*,,,*,,,,,,,,
##...## ###..#,*,,,,,,,,,**,
####'########.#,*,,,********,
#.............#,*,,,* *,
#...(.........#,*,,,* *,
#.............#,*,,,* *,
#.########+####,*,,,*** *,
#..### **,,,***,*,,,,,* *,
#....#**,,,,,**,*,,,,,* **


You could see a water moccasin.

Vanquished Creatures
  An orc priest (D:3)
  2 orc wizards (D:3)
  5 adders
  A shadow imp (D:3)
  A worm (D:2)
  A dart slug (D:1)
  8 orcs (D:3)
  8 ball pythons
  4 endoplasms
  2 giant cockroaches (D:1)
  4 goblins
  4 hobgoblins
  6 kobolds
  3 quokkas
  5 bats
  3 frilled lizards
  4 rats
62 creatures vanquished.

Notes
Turn   | Place    | Note
-------+----------+-------------------------------------------
     0 | Abyss:1  | Kinoniko the Demonspawn Abyssal Knight began the quest for
                  | the Orb.
     0 | Abyss:1  | Reached XP level 1. HP: 18/18 MP: 2/2
    65 | Abyss:1  | Noticed a smoke demon
    65 | D:1      | Escaped the Abyss
   114 | D:1      | Reached skill level 2 in Short Blades
   146 | D:1      | Reached * piety under Lugonu
   263 | D:1      | Gained mutation: You have a somewhat thin skeletal
                  | structure. (Dex +2, Stealth+) [demonic ancestry]
   263 | D:1      | Reached XP level 2. HP: 24/24 MP: 3/3
   459 | D:1      | Reached skill level 1 in Dodging
   687 | D:2      | Reached skill level 3 in Short Blades
   687 | D:2      | Gained mutation: You have sharp toenails. [demonic
                  | ancestry]
   687 | D:2      | Reached XP level 3. HP: 10/29 MP: 4/4
  1639 | D:3      | Reached XP level 4. HP: 35/35 MP: 5/5
  1696 | D:3      | Reached skill level 4 in Short Blades
  2131 | D:3      | Reached XP level 5. HP: 36/41 MP: 6/6
  2179 | D:3      | Reached ** piety under Lugonu
  2814 | D:4      | Noticed a water moccasin
  2833 | D:4      | HP: 2/41 [poisoned by a water moccasin]
  2833 | D:4      | Slain by a water moccasin

Illustrated notes

Levels and vault maps discovered:
D:1:      dpeg_arrival_court, layout_rooms, minivault_25
D:2:      layout_rooms, serial_glass, glass_columns_a, glass_columns_c,
          glass_columns_b, glass_columns_b
D:3:      layout_loops_ring
D:4:      minmay_opposing_rooms, layout_basic, kennysheep_little_box,
          mainiacjoe_overflow_divided_tiny, nicolae_ossuary_entry_catacombs,
          st_stairs_6, chequers_jeans, supply_closet_lemuel,
          cheibrodos_gnoll_hut

Skill      XL: |  1  2  3  4 |
---------------+-------------+-----
Short Blades   | 2 3 4 |  4.8
Dodging        | 1 2 |  2.1
Fighting       | |  3.0
Armour         | |  1.7
Invocations    | |  2.4

Action                   |  1- 3 |  4- 6 || total
-------------------------+-------+-------++-------
Melee: Short sword       |   105 |   136 ||   241
       Kick              |    11 |    10 ||    21
Invok: Depart the Abyss  |     1 |       ||     1
  Use: Scroll            |       |     8 ||     8
       Potion            |       |     1 ||     1
 Stab: Sleeping          |     4 |     2 ||     6
Armor: Leather armour    |     3 |       ||     3
       Ring mail         |    41 |    55 ||    96
Dodge: Dodged            |    64 |    55 ||   119
